 Dungeon Crawl Stone Soup version 0.20-a0-876-g2c7b0bf (webtiles) character file.

162 4thArraOfDagon the Twirler (level 4, 11/41 HPs)
             Began as a Demigod Wanderer on Mar 15, 2017.
             Quit the game on level 5 of the Dungeon.
             The game lasted 00:03:58 (868 turns).

4thArraOfDagon the Twirler (Demigod Wanderer)        Turns: 868, Time: 00:03:59

Health: 11/41      AC: 10    Str: 15    XL:     4   Next: 99%
Magic:  6/6        EV:  6    Int: 18    God:
Gold:   130        SH:  0    Dex: 15    Spells: 3/3 levels left

rFire    + . .     SeeInvis .   a - +2 quarterstaff
rCold    x . .     Gourm    +   o - +0 chain mail
rNeg     . . .     Faith    .   (shield currently unavailable)
rPois    +         Spirit   .   m - +0 helmet
rElec    .         Reflect  .   (no cloak)
rCorr    .         Harm     .   (no gloves)
MR       +....                  (no boots)
Stlth    ..........             j - amulet of the gourmand
Regen    0.2/turn               k - ring of fire
MPRegen  0.1/turn               i - ring of protection from magic

@: no status effects
A: claws 1, rugged brown scales 1, high mp 1, poison resistance
a: no special abilities


You were on level 5 of the Dungeon.
You were not hungry.

You visited 1 branch of the dungeon, and saw 5 of its levels.

You collected 130 gold pieces.

Inventory:

Hand Weapons
 a - a +2 quarterstaff (weapon)
 e - a +0 dagger
Armour
 d - a +0 robe
 m - a +0 helmet (worn)
 o - a +0 chain mail (worn)
Jewellery
 g - an uncursed amulet of magic regeneration
 i - a ring of protection from magic (left claw)
 j - an amulet of the gourmand (around neck)
 k - a ring of fire (right claw)
Scrolls
 h - a scroll of enchant weapon {unknown}
 l - a scroll of recharging {unknown}
 p - a scroll of fog {unknown}
 q - a scroll of random uselessness {unknown}
 t - a scroll of identify {unknown}
 u - a scroll of remove curse {unknown}
Potions
 n - a potion of mutation
 r - a potion of flight
Comestibles
 c - a royal jelly
 f - a bread ration
 s - 3 fruits


   Skills:
 + Level 3.7 Fighting
   Level 1.0 Axes
 * Level 4.2 Staves
 - Level 1.0 Armour
 - Level 1.0 Dodging
 - Level 1.7 Stealth


You had 3 spell levels left.
You didn't know any spells.

Dungeon Overview and Level Annotations

Branches:
Dungeon (5/15)
 Temple: D:4-7

Annotations:
D:4 Dowan, Duvessa
D:5 Natasha


Innate Abilities, Weirdness & Mutations

You have an increased reservoir of magic. (+10% MP)
You have sharp fingernails.
You are partially covered in rugged brown scales. (AC +1, +3% HP)
Your system is resistant to poisons. (rPois)


Message History

Found a stone staircase leading down.
As you read the scroll of teleportation, it crumbles to dust.
You feel strangely unstable.
The ice beast hits you but does no damage.
Your surroundings suddenly seem different.
An orc comes into view. It is wielding a falchion.
The orc shouts!
An orc comes into view.
The orc shouts!
An orc comes into view. It is wielding a club.
The orc shouts!
An orc comes into view.
The orc shouts! x2; The orc wizard shouts!
The orc shouts!
An orc comes into view. It is wielding a flail.
The orc shouts!
An orc wizard comes into view. It is wielding a dagger.
The orc wizard casts a spell.
The orc wizard seems to speed up.
An adder and an orc come into view.
Are you sure you want to abandon this character and quit the game? (Confirm with "yes".)

# #........ #
#....##.o..........##
# #....#
..o..o....... .
#....# .....o......#
. ####.#
..........oS# . .#
............# .#
.......o.oo.#
..........o.#
....o..@....#
.############


You could see 2 orc wizards, an adder and 8 orcs.

Vanquished Creatures
  A water moccasin skeleton (D:4)
  Natasha (D:4)
  Robin (D:4)
  3 adders
  An ooze (D:1)
  2 dart slugs (D:1)
  A leopard gecko (D:3)
  An orc (D:3)
  6 bats
  6 hobgoblins
  4 kobolds
  3 quokkas (D:3)
  2 frilled lizards
  7 goblins
  4 rats
43 creatures vanquished.

Notes
Turn   | Place    | Note
-------+----------+-------------------------------------------
     0 | D:1      | 4thArraOfDagon the Demigod Wanderer began the quest for the Orb.
     0 | D:1      | 4thArraOfDagon set off with: a +2 quarterstaff, a scroll of teleportation, a potion of lignification, a +0 robe, a +0 dagger, a bread ration
     0 | D:1      | Reached XP level 1. HP: 18/18 MP: 3/3
    34 | D:1      | Reached skill level 2 in Staves
   112 | D:1      | Reached XP level 2. HP: 8/25 MP: 4/4
   179 | D:2      | HP: 1/37 [frilled lizard (2)]
   221 | D:2      | Found a basalt altar of Yredelemnul.
   289 | D:2      | You fall through a shaft!
   413 | D:2      | Found a sparkling altar of Nemelex Xobeh.
   567 | D:3      | Reached skill level 3 in Staves
   567 | D:3      | Reached XP level 3. HP: 27/31 MP: 5/5
   728 | D:4      | Reached XP level 4. HP: 27/38 MP: 6/6
   739 | D:4      | Found a hide-covered altar of Uskayaw.
   741 | D:4      | Noticed Natasha
   761 | D:4      | Gained mutation: Your system is resistant to poisons. (rPois) [potion of mutation]
   761 | D:4      | Gained mutation: You have sharp fingernails. [potion of mutation]
   761 | D:4      | Gained mutation: You are partially covered in rugged brown scales. (AC +1, +3% HP) [potion of mutation]
   765 | D:4      | Killed Natasha
   765 | D:4      | Reached skill level 4 in Staves
   771 | D:4      | Noticed Robin
   786 | D:4      | Killed Robin
   817 | D:4      | Noticed Natasha
   819 | D:4      | Noticed Dowan
   821 | D:4      | Noticed Duvessa
   828 | D:5      | Entered Level 5 of the Dungeon
   849 | D:5      | Noticed an ice beast
   868 | D:5      | Quit the game

Vault maps used:
D:1:      matt_arrival_spirals
D:2:      old_standard_altar, lemuel_crystal_altar, serial_bayou_ford_a
D:4:      lemuel_doored_altar, eat_drink_and_be_merry_uskayaw, first_bread,
          uniq_natasha, uniq_duvessa, uniq_robin, uniq_menkaure
D:5:      grunt_gozag_breadcrumbs, minmay_temple_entry_fiery, hex_intersection

Skill      XL: |  1  2  3  4 |
---------------+-------------+-----
Staves         | 2 3 4 |  4.2
Fighting       | 3 |  3.7
Axes           | |  1.0
Armour         | |  1.0
Dodging        | |  1.0
Stealth        | |  1.7

Action                   |  1- 3 |  4- 6 || total
-------------------------+-------+-------++-------
Melee: Quarterstaff      |    99 |    28 ||   127
  Use: Potion            |     1 |     4 ||     5
       Scroll            |       |     2 ||     2
Armor: Skin              |    15 |       ||    15
       Chain mail        |    42 |     7 ||    49
       Robe              |     2 |       ||     2
Dodge: Dodged            |    39 |    15 ||    54
